[Event "Polish Youth G18 Championship 2023"]
[Site "Jastrzebia Gora"]
[Date "2023.03.19"]
[Round "9.1"]
[White "Starosta, Martyna"]
[Black "Nowak, Roksana"]
[Result "1-0"]
[ECO "A57"]
[WhiteElo "2138"]
[BlackElo "1816"]
[Annotator "TA"]
[PlyCount "105"]
[EventDate "2023.03.11"]
[EventType "swiss"]
[EventCountry "POL"]
[SourceTitle "playchess.com"]
[Source "ChessBase"]
[SourceQuality "1"]
[TimeControl "40/5400+30:1800+30"]

1. d4 Nf6 2. c4 c5 3. d5 b5 4. cxb5 a6 5. e3 g6 6. Nc3 d6 7. a4 Bg7 8. e4 O-O 9. Nf3 axb5 10. Bxb5 Ba6 11. Bxa6 Nxa6 12. O-O Qb6 {[%emt 0:05:30] A57: Benko/Volga Gambit.} 13. Nd2 {[%emt 0:02:22] [#]} Nd7 $146 ({Predecessor:} 13... Nc7 14. Rb1 Nd7 15. Qc2 Qb4 16. Ra1 Rfb8 17. Ra3 Qa5 18. Nc4 Qa6 19. b3 Ne5 20. Nxe5 Bxe5 {0-1 Krstulovic,A (2313)-Ermeni,A (2183) Zadar op-A 25th 2018 (3)}) 14. Nb5 Ne5 ({Black should play} 14... Qb7 $14) 15. Qe2 (15. f4 $1 $16 c4+ 16. Kh1) 15... Nc7 $14 16. Nxc7 Qxc7 17. f4 Nd7 18. Ra2 Rfb8 19. b3 Nb6 20. Rc2 Qb7 21. Rf3 Rc8 22. Nc4 Nxc4 23. Rxc4 Qa6 24. Qc2 Rab8 25. Bd2 e6 26. Bc3 {[%emt 0:05:25] Against Bd4+} (26. dxe6 $1 $16 fxe6 27. Be3) 26... exd5 27. exd5 Qb7 28. Bxg7 Kxg7 29. Qd2 {[%emt 0:02:10] Hoping for f5. White is more active.} f5 30. Re3 Re8 31. Rcc3 Qb4 32. Rxe8 Rxe8 33. Rd3 Qxd2 (33... Qe4 $14) 34. Rxd2 {[%emt 0:00:05][%mdl 4096] Endgame KR-KR} Rb8 35. Rd3 ({Better is} 35. Kf2 $16) 35... Rb4 36. g3 ({But not} 36. a5 Rb5 $11) 36... Kf7 37. Kf2 Ke7 38. Ke2 Kd7 39. Kd2 c4 40. bxc4 {[%emt 0:00:00] Black must now prevent Ra3.} Rxc4 (40... Rxa4 $14 41. Kc3 Ra3+ 42. Kd4 Ra2) 41. Ra3 $18 {[%emt 0:10:37] Threatens to win with a5.} Rc5 42. a5 {[%emt 0:01:18][%cal Ba4a5,Ba5a6][%mdl 32] Strongly threatening a6.} Rxd5+ 43. Ke3 {[%emt 0:00:40] a6 is the strong threat.} Kc7 {[%emt 0:03:43] [#]} 44. a6 Kb8 {[%emt 0:00:04] [#]} 45. Rd3 $1 Rc5 (45... Ra5 $16) 46. Rxd6 {[%emt 0:00:07] And now Rd7 would win.} Rc7 {[%emt 0:01:16] Wards off Rd7} (46... Ra5 47. Rb6+ Kc7) 47. Kd4 {[%emt 0:02:49] White is clearly winning.} Rc2 48. Rd8+ Kc7 49. Rh8 {[%emt 0:00:06] a7 would kill now.} Kb6 50. Rxh7 Kxa6 51. Rh6 Kb7 52. h4 Rc6 53. h5 {[%emt 0:00:33] Weighted Error Value: White=0.13 (very precise) /Black=0.23 (precise)} 1-0

[Event "Polish Youth G18 Championship 2023"]
[Site "Jastrzebia Gora"]
[Date "2023.03.19"]
[Round "9.2"]
[White "Goraj, Barbara"]
[Black "Kucharska, Helena"]
[Result "1-0"]
[ECO "A28"]
[WhiteElo "2130"]
[BlackElo "1779"]
[Annotator "TA"]
[PlyCount "79"]
[EventDate "2023.03.11"]
[EventType "swiss"]
[EventCountry "POL"]
[SourceTitle "playchess.com"]
[Source "ChessBase"]
[SourceQuality "1"]
[TimeControl "40/5400+30:1800+30"]

1. c4 e5 2. Nc3 Nf6 3. Nf3 Nc6 4. d3 Bb4 5. a3 Bxc3+ 6. bxc3 {[%emt 0:00:07] A28: English Opening: Four Knights Variation.} h6 (6... e4 $5 7. Nd4 O-O $11) 7. e4 O-O {[%emt 0:02:44] [#]} 8. h3 $146 {[%emt 0:07:14] White has an edge.} ({Predecessor:} 8. g3 d6 9. Bg2 Nh7 10. Nh4 Qf6 11. Rb1 Rb8 12. O-O g5 13. Nf5 Bxf5 14. exf5 Qxf5 {1-0 Pantsulaia,L (2597)-Andriasian,Z (2604) PRO League Stage rapid 2019 (8)}) 8... Rb8 9. a4 a6 10. Rb1 d6 11. g4 Nh7 12. Rg1 Ng5 13. Nxg5 hxg5 14. h4 gxh4 $17 15. g5 g6 {[%emt 0:07:56] Prevents Qh5} (15... Ne7 $1 $17 16. a5 Ng6) 16. Rh1 $11 f5 {[%emt 0:02:51] With the idea ...f4.} 17. gxf6 Qxf6 18. Be3 Nd8 19. Kd2 Ne6 (19... Rf7 {simplifies} 20. Bh3 Bxh3 21. Rxh3 g5) 20. Qg4 {[%emt 0:01:57] [#]} (20. Bh3 $1 $11) 20... Nd4 $1 21. Qg2 $1 Nf3+ 22. Kc2 Bd7 23. Be2 h3 $2 (23... g5 $11 {and Black is okay.}) 24. Qg3 $2 (24. Rxh3 $1 $18 Nh4 25. Qh1 Bxh3 26. Qxh3) 24... Kg7 (24... Bxa4+ $2 25. Kb2 $18) 25. a5 (25. Rxh3 Bxh3 26. Qxh3 Ng5 $17) 25... b5 (25... Qh4 $11 {keeps the balance.}) 26. axb6 $16 (26. Rxh3 Bxh3 27. Qxh3 Ng5 28. Qd7+ Qf7 29. Qxf7+ Nxf7 30. cxb5 Rxb5 $15) 26... cxb6 (26... Ba4+ $2 27. Kc1 Bd7 28. b7 $18 (28. bxc7 Rxb1+ 29. Kxb1 Qh4 $18)) 27. Bxb6 $2 {[%emt 0:00:43] [#]} (27. Rxh3 Bxh3 28. Qxh3 Ng5 29. Qd7+ Rf7 $15) (27. Bf1 $1 $16 {[%cal Rf1h3] and life is bright.}) 27... Ba4+ ({Better is} 27... a5 $1 $17) 28. Kc1 $11 {[%emt 0:00:45] Chess con chili.} h2 (28... Bd7 $11) 29. Be3 (29. Rb4 $14) 29... Rxb1+ {[%emt 0:01:56][%mdl 64] Remove Defender} 30. Kxb1 {[%emt 0:00:01] Strongly threatening Kc1.} Qf7 $2 (30... Qd8 $1 $11 31. Bxf3 Qa5 32. Bh6+ {[%mdl 64] Decoy} (32. Rxh2 $2 Rb8+) 32... Kxh6 33. Qxh2+ (33. Rxh2+ $2 Kg7 $19) 33... Kg7 34. Qh7+ Kf6 35. Qh4+ (35. Rg1 $2 Rb8+) 35... Kf7 36. Qh7+ Kf6 37. Qh4+ (37. Rg1 $2 Rb8+) 37... Kf7 38. Qh7+ Kf6) 31. Bxf3 $18 Qb7+ $2 {[%emt 0:03:18] [#]} (31... Qxf3 {is more resistant.} 32. Qxh2 Kf7 33. Qh7+ {[%mdl 64] Deflection} Ke8) 32. Kc1 $1 {[%emt 0:00:06][%cal Og3h2,Bb1c1,Bc1d2,Bd2e1,Be1f1,Bf1g2][%mdl 32] Qxh2! would kill now.} (32. Ka1 {gets mated.} Rb8) 32... Qb3 33. Kd2 (33. Rxh2 $2 Qc2#) 33... Qa2+ 34. Ke1 {[%emt 0:00:08] And now Kf1 would win.} Rb8 35. Kf1 (35. Qxh2 $2 {leads to mate.} Rb1+) 35... Qb1+ 36. Kg2 Qxd3 37. Qxh2 {[%emt 0:00:17] White mates.} Kf7 38. Qh7+ Kf6 {[%emt 0:00:10] [#]} 39. Bg5+ $1 Ke6 (39... Kxg5 40. Qh4#) 40. Qe7# {[%emt 0:00:00] Ingenious play by Goraj!   Weighted Error Value: White=0.25 (precise) /Black=0.74} 1-0

[Event "Polish Youth G18 Championship 2023"]
[Site "Jastrzebia Gora"]
[Date "2023.03.19"]
[Round "9.3"]
[White "Hertlein, Irena"]
[Black "Skolska, Emilia"]
[Result "1-0"]
[ECO "C63"]
[WhiteElo "1994"]
[BlackElo "1586"]
[Annotator "TA"]
[PlyCount "135"]
[EventDate "2023.03.11"]
[EventType "swiss"]
[EventCountry "POL"]
[SourceTitle "playchess.com"]
[Source "ChessBase"]
[SourceQuality "1"]
[TimeControl "40/5400+30:1800+30"]

1. e4 e5 2. Nf3 Nc6 3. Bb5 f5 4. d3 fxe4 5. dxe4 Nf6 6. O-O Bc5 7. Nc3 d6 8. Bg5 O-O (8... a6 $5 9. Bc4 Qd7 $14) 9. Bc4+ {[%emt 0:06:33] C63: Ruy Lopez: Schliemann/Jaenisch Defence.} Kh8 10. Nd5 Na5 (10... Bg4 $11) 11. Be2 {[%emt 0:03:05] White is slightly better.} Be6 12. c3 Nc6 13. b4 Bb6 14. Bxf6 gxf6 15. Bc4 Qd7 {[%emt 0:15:00] [#]} 16. Nh4 $146 ({Predecessor:} 16. a4 a5 17. Nxb6 cxb6 18. Bxe6 Qxe6 19. Qd2 Rg8 20. Nh4 Qh3 21. b5 Qxh4 22. bxc6 Rxg2+ {0-1 Chernov,V (2018)-Artemov,N (1968) Voronezh Region-ch 2011 (2)}) 16... Rae8 17. Qh5 {[%emt 0:03:26] [#] Threatens to win with Ng6+.} Qg7 {[%emt 0:04:41] Prevents Ng6+} 18. Nf5 $36 {[%emt 0:06:36][%mdl 2048] White has some pressure.} Qg6 (18... Bxf5 $14 19. Qxf5 Ne7 20. Nxe7 Rxe7) 19. Qh3 $16 {[%emt 0:02:08] Hoping for a4. Chess con chili. White is more active.} Bxf5 20. exf5 Qg5 {[%emt 0:00:30] [#]} (20... Qg7 $16 21. a4 a5) 21. a4 $1 $18 a5 22. b5 Ne7 23. Nxb6 cxb6 24. Be6 Rd8 (24... d5 {keeps fighting.} 25. f4 exf4) 25. Rad1 Rg8 {[%emt 0:09:59] Black is weak on the light squares} 26. Bxg8 Kxg8 27. Qg3 (27. f4 $142 exf4 28. Rd4) 27... Nxf5 $2 (27... Qxg3 28. fxg3 d5) 28. Qxg5+ fxg5 {[%emt 0:00:07][%mdl 4096] Endgame KRR-KRN} 29. Rd3 $2 (29. Rfe1 $18 {is the precise move to win.}) 29... Kf7 $16 30. Rfd1 (30. Re1 $16 {Rxe5 is the strong threat.} Kf6 31. Re4) 30... Ke6 (30... h5 $14) 31. Rh3 (31. g4 $16 Nh4 32. c4) 31... Rd7 (31... h6 $14) 32. Rh5 Kf6 33. g4 Nh4 34. Rh6+ (34. Rd5 $16) 34... Ng6 $14 35. Rd3 ({White should play} 35. c4 $16) 35... Kg7 $11 36. Rdh3 Nh4 37. Rh5 h6 38. Kf1 d5 39. R3xh4 gxh4 40. Rxe5 {[%emt 0:00:00] KR-KR} Kf6 41. Rf5+ Kg6 $1 42. Rf4 Rc7 43. Rd4 Rxc3 44. Rxd5 Rc4 45. h3 {[%emt 0:01:17] White wants to play Rd6+.} Rxa4 46. Rd6+ Kg5 47. Rxb6 Ra3 48. Kg2 Rb3 49. Rxb7 {[%emt 0:00:26] And now b6 would win.} h5 $1 50. gxh5 Kxh5 51. b6 a4 52. Ra7 (52. Rh7+ {is interesting.} Kg5 53. Ra7 a3 54. b7) 52... Rxb6 53. Ra5+ Kh6 54. Rxa4 Kh5 55. Ra5+ Kh6 56. Kf3 {[%emt 0:00:42] Threatening Kg4.} Rb4 (56... Rg6 $11 {remains equal.}) 57. Rf5 $16 {[%emt 0:00:56] White is clearly better.} Rb2 58. Kg4 Kg6 59. Rf4 Rb5 60. Kxh4 Rd5 61. Ra4 Rd2 62. f3 Kf5 63. Kg3 Rd3 64. Ra5+ Kg6 65. Kg4 Rd4+ 66. f4 Rd1 67. Ra6+ Kf7 68. h4 {[%emt 0:00:26] Weighted Error Value: White=0.19 (very precise) /Black=0.25 (precise)} 1-0

[Event "Polish Youth G18 Championship 2023"]
[Site "Jastrzebia Gora"]
[Date "2023.03.19"]
[Round "9.4"]
[White "Bukala, Weronika"]
[Black "Zabrzanska, Weronika"]
[Result "1/2-1/2"]
[ECO "C78"]
[WhiteElo "1899"]
[BlackElo "2021"]
[Annotator "TA"]
[PlyCount "80"]
[EventDate "2023.03.11"]
[EventType "swiss"]
[EventCountry "POL"]
[SourceTitle "playchess.com"]
[Source "ChessBase"]
[SourceQuality "1"]
[TimeControl "40/5400+30:1800+30"]

1. e4 e5 2. Nf3 Nc6 3. Bb5 a6 4. Ba4 Nf6 5. O-O b5 6. Bb3 Bc5 7. Nxe5 Nxe5 8. d4 Bxd4 9. Qxd4 d6 {[%emt 0:00:09] Hoping for ...c5.} 10. a4 {[%emt 0:06:06] C78: Ruy Lopez: Archangelsk and Möller Defences.} Bb7 11. f4 c5 12. Qe3 (12. Qd1 $11 {and White has nothing to worry.} Ng6 13. e5 dxe5 14. fxe5 Nxe5 15. Qxd8+ Kxd8 16. Nc3) 12... Neg4 $19 13. Qe2 c4 {[%emt 0:07:06] [#]} (13... Bxe4 14. Nc3 $18 (14. axb5 c4 $11)) 14. e5 $146 (14. h3) ({Predecessor:} 14. Ba2 Nxe4 15. Be3 Nxh2 16. Re1 Qh4 17. Nd2 Ng4 18. Nxe4 Bxe4 {0-1 Breum,W-Zuckmann,V FRG-ch M187 corr 1969}) 14... dxe5 15. Kh1 {[%emt 0:08:56] White is weak on the light squares} Qb6 (15... cxb3 $2 16. fxe5 Qe7 17. Nc3 Qxe5 18. h3 $19) 16. Nc3 {[%emt 0:03:56] Repels Ne4} e4 (16... cxb3 $142 17. fxe5 O-O 18. exf6 Nxf6) 17. Ba2 Qc5 (17... h5 $19 {Threatens to win with ...0-0.} 18. h3 Kf8) 18. Nd1 $17 Rd8 (18... bxa4 19. Qxc4 (19. h3 Qh5 $11) 19... Qxc4 20. Bxc4 $11) 19. Ne3 Qh5 $40 {[%emt 0:03:36][%csl Gg4][%cal Rh5h2][%mdl 128] Black has strong attack.} 20. h3 {[%emt 0:03:33] [#]} (20. Nxg4 $17 {was necessary.} Qxg4 21. Qxg4 Nxg4 22. h3) 20... Nxe3 $1 $19 21. Qxe3 {[%emt 0:00:11] [#]} Rd1 (21... bxa4 22. Bxc4 O-O 23. Rxa4 $11) (21... O-O $1 $19 {...Rfe8 would be deadly.} 22. axb5 axb5) 22. Qg1 $2 (22. Bd2 $17 Rxf1+ 23. Rxf1) 22... Rxf1 23. Qxf1 e3 (23... bxa4 24. Bxc4 Bc6 25. Bxa6 $11) 24. Kg1 e2 (24... bxa4 25. Bxc4 Qc5 26. Qe2 $14) 25. Qf2 O-O (25... bxa4 26. Bxc4 O-O 27. Bxe2 $11 (27. Rxa4 $2 Re8 $19)) 26. Be3 Rd8 {[%emt 0:01:33] ( -> ...Rd1+)} (26... bxa4 27. Bxc4 Re8 28. Bxe2 $11 (28. Rxa4 $2 Bxg2 {[%mdl 64] Decoy} 29. Kxg2 Qg6+ 30. Kh2 Qxc2 $19)) 27. Bd4 Qg6 $2 (27... bxa4 28. Bxc4 Ne4 29. Qe3 $15) (27... Ne4 28. Qe3 Qd5) 28. c3 Re8 (28... bxa4 29. Bxc4 Nh5 30. f5 $11 (30. Qxe2 Nxf4 31. Qg4 Qxg4 $15)) (28... Nh5 $19 29. f5 Qg5 30. Qxe2 Nf4) 29. Re1 $17 Qc2 (29... bxa4 30. Bxc4 Bc8 31. Kh2 $14 (31. Bxe2 Bxh3 32. Bf1 Ne4 $11)) (29... Nd5 {simplifies} 30. Rxe2 Rxe2 31. Qxe2 h5) 30. Bb1 ({White should play} 30. axb5 $15 axb5 31. Be5) 30... Qd2 ({Much weaker is} 30... Qxa4 $6 31. Qg3 Kh8 32. Bxf6 (32. Qh4 Be4 $11) 32... gxf6 33. Qh4 $11) (30... Qxb2 $17 31. axb5 Qxb5) 31. Be5 Rd8 ({Reject} 31... bxa4 32. Rxe2 Qd1+ 33. Re1 $11) ({Better is} 31... Qxb2 $15 32. Qd4 b4 33. Qxc4 bxc3 34. Qxc3 Qxc3 35. Bxc3 Be4) 32. Rxe2 Qc1+ 33. Re1 Rd1 34. Rxd1 Qxd1+ 35. Kh2 Qxb1 36. Qb6 {[%emt 0:00:11][%csl LRb5,LRb7,LRf6] Qd8+ would kill now.} h6 37. Qxb7 bxa4 (37... Ne4 $11) 38. Qxa6 (38. Qc8+ $16 Kh7 39. Qxc4 (39. Qxa6 Ne4 $11)) 38... Qxb2 $11 {[%emt 0:00:19] The position is equal.} 39. Qxa4 Qe2 40. Qc6 Qe4 {[%emt 0:00:00] And White is the lucky defender.   Weighted Error Value: White=0.59/Black=0.59} 1/2-1/2

[Event "Polish Youth G18 Championship 2023"]
[Site "Jastrzebia Gora"]
[Date "2023.03.19"]
[Round "9.5"]
[White "Barwinska, Ewa"]
[Black "Bugaj, Hanna"]
[Result "1/2-1/2"]
[ECO "B24"]
[WhiteElo "1963"]
[BlackElo "1639"]
[Annotator "TA"]
[PlyCount "67"]
[EventDate "2023.03.11"]
[EventType "swiss"]
[EventCountry "POL"]
[SourceTitle "playchess.com"]
[Source "ChessBase"]
[SourceQuality "1"]
[TimeControl "40/5400+30:1800+30"]

1. e4 c5 2. Nc3 Nc6 3. Bb5 Nf6 4. Bxc6 dxc6 5. d3 e5 6. f4 {[%emt 0:08:36][%cal Bf2f4,Bf4f5][%mdl 32] B23: Closed Sicilian: Lines without g3.} Bg4 7. Nf3 Bd6 8. f5 {[%emt 0:03:49] [#]} Qb6 $146 ({Predecessor:} 8... Nd7 9. h3 Bxf3 10. Qxf3 Be7 11. Be3 h5 12. g3 Bg5 13. Bf2 Qe7 14. O-O h4 {1-0 Cherniaev,A (2420)-Varlamov,V (2305) St Petersburg op 1993}) 9. b3 (9. h3 $11 Bxf3 10. Qxf3) 9... O-O-O (9... c4 $1 $15 10. Na4 Qa5+ 11. Bd2 Qa6) 10. Na4 (10. Bd2 $14) 10... Qc7 $11 11. Bd2 ({White should try} 11. O-O $11) 11... Kb8 ({Better is} 11... Bxf5 $1 $15 12. O-O (12. exf5 e4 $17) 12... Be6) 12. h3 (12. O-O $14) 12... Bxf5 $1 13. exf5 {[%emt 0:03:11] [#] Nc3 would be deadly.} e4 14. O-O $1 {[%emt 0:02:57] Black must now prevent Ng5.} exf3 15. Qxf3 Nd5 16. Rac1 Rhe8 17. Nc3 Nxc3 18. Bxc3 f6 19. Rce1 Be5 20. Bxe5 Rxe5 21. Re4 Rde8 {[%emt 0:12:30] The position is equal.} 22. Rfe1 Rxe4 23. Rxe4 Rxe4 24. Qxe4 {[%emt 0:00:14][%mdl 4096] Endgame KQ-KQ} Qd7 {[%emt 0:00:52] Against Qe8+} 25. Kf2 Kc7 26. Ke3 b6 27. g4 h6 28. c3 a6 29. h4 b5 30. c4 b4 31. Qf4+ Kb7 32. Qe4 Kc7 33. Kf3 Kb7 34. Ke3 {[%emt 0:00:37] Weighted Error Value: White=0.17 (very precise) /Black=0.15 (very precise)} 1/2-1/2

[Event "Polish Youth G18 Championship 2023"]
[Site "Jastrzebia Gora"]
[Date "2023.03.19"]
[Round "9.6"]
[White "Uliasz, Katarzyna"]
[Black "Lukasik, Zuzanna"]
[Result "1/2-1/2"]
[ECO "A20"]
[WhiteElo "1670"]
[BlackElo "1781"]
[Annotator "NA RC COMBH"]
[PlyCount "162"]
[EventDate "2023.03.11"]
[EventType "swiss"]
[EventCountry "POL"]
[SourceTitle "playchess.com"]
[Source "ChessBase"]
[SourceQuality "1"]
[TimeControl "40/5400+30:1800+30"]

1. c4 e5 2. g3 d6 3. Bg2 Nc6 4. Nc3 g6 5. e4 Bg7 6. Nge2 Be6 7. d3 Qd7 8. Nd5 Nce7 9. h3 c6 10. Ne3 d5 11. exd5 cxd5 12. d4 Rd8 13. cxd5 Nxd5 14. dxe5 Bxe5 15. Nxd5 Bxd5 16. Qxd5 Qxd5 17. Bxd5 Rxd5 18. Nf4 Rd7 19. O-O Ne7 20. Re1 Bd4 21. Ne2 Bg7 22. Nc3 O-O 23. Be3 Nc6 24. Rad1 Rfd8 25. Rxd7 Rxd7 26. Bc5 Rd8 27. Kg2 b6 28. Be3 Nb4 29. Bg5 f6 30. Bc1 Kf7 31. a3 Nc2 32. Re2 Nd4 33. Rd2 Nc6 34. Rxd8 Nxd8 35. Bf4 Ke6 36. Nb5 Nc6 37. b4 f5 38. Nc7+ Kd7 39. Na6 Nd4 40. a4 Bf8 41. b5 Bd6 42. Be3 Nc2 43. Bd2 Ke6 44. Bf4 Bxf4 45. gxf4 Ne1+ 46. Kg3 Nd3 47. Nb8 Nc5 48. Nc6 Nxa4 49. Nxa7 Nc3 50. Nc8 Nxb5 51. Nxb6 Nd4 52. h4 h6 53. Nc4 Kf6 54. Nd6 Nc2 55. Ne8+ Ke7 56. Nc7 Nb4 57. Nb5 Ke6 58. Nc3 Nd3 59. Nb5 Nc5 60. Nc7+ Kf6 61. Nd5+ Kf7 62. Nc7 Ne4+ 63. Kg2 Kf6 64. Nd5+ Ke6 65. Ne3 h5 66. Nc4 Kf6 67. Ne3 Nd2 68. Nd5+ Ke6 69. Ne3 Kd6 70. Kg3 Kc5 71. Nc2 Kd5 72. f3 Nc4 73. Kf2 Nd6 74. Nb4+ Ke6 75. Nc6 Nb5 76. Ke3 Nc3 77. Nd4+ Kd5 78. Nc2 Nb5 79. Nb4+ Ke6 80. Nd3 Nc7 81. Nb4 Kf6 1/2-1/2

[Event "Polish Youth G18 Championship 2023"]
[Site "Jastrzebia Gora"]
[Date "2023.03.19"]
[Round "9.7"]
[White "Krzyzosiak, Marta"]
[Black "Krzyzosiak, Anna"]
[Result "1/2-1/2"]
[ECO "B50"]
[WhiteElo "1778"]
[BlackElo "1503"]
[Annotator "NA RC COMBH"]
[PlyCount "63"]
[EventDate "2023.03.11"]
[EventType "swiss"]
[EventCountry "POL"]
[SourceTitle "playchess.com"]
[Source "ChessBase"]
[SourceQuality "1"]
[TimeControl "40/5400+30:1800+30"]

1. e4 c5 2. Nf3 d6 3. Nc3 Nf6 4. e5 dxe5 5. Nxe5 Nbd7 6. d4 Nxe5 7. dxe5 Qxd1+ 8. Nxd1 Nd5 9. Ne3 Nxe3 10. Bxe3 e6 11. Bb5+ Bd7 12. Bxd7+ Kxd7 13. O-O-O+ Kc7 14. c4 Be7 15. b3 Rad8 16. Rxd8 Rxd8 17. Rd1 Rxd1+ 18. Kxd1 Kc6 19. Kc2 h5 20. g3 a6 21. a4 b5 22. axb5+ axb5 23. Kd3 Bd8 24. Bd2 Bc7 25. f4 g6 26. h3 Bd8 27. Be1 Kb6 28. Bd2 Kc6 29. Be1 Kb6 30. Bd2 Kc6 31. Be1 Kb6 32. Ke4 1/2-1/2

[Event "Polish Youth G18 Championship 2023"]
[Site "Jastrzebia Gora"]
[Date "2023.03.19"]
[Round "9.8"]
[White "Arciszewska, Zuzanna"]
[Black "Mroz, Lena"]
[Result "1/2-1/2"]
[ECO "D02"]
[WhiteElo "1750"]
[BlackElo "1635"]
[Annotator "NA RC COMBH"]
[PlyCount "80"]
[EventDate "2023.03.11"]
[EventType "swiss"]
[EventCountry "POL"]
[SourceTitle "playchess.com"]
[Source "ChessBase"]
[SourceQuality "1"]
[TimeControl "40/5400+30:1800+30"]

1. d4 d5 2. Nf3 e6 3. e3 c6 4. Bd3 Nf6 5. Nbd2 Nbd7 6. b3 Bd6 7. Bb2 Qc7 8. O-O O-O 9. c4 Qb8 10. Rc1 Re8 11. Qc2 h6 12. e4 dxe4 13. Nxe4 Nxe4 14. Bxe4 Nf6 15. Bd3 Bd7 16. Rcd1 Qc7 17. g3 b6 18. Ne5 c5 19. Nxd7 Nxd7 20. Be4 Rac8 21. Qd3 Red8 22. Qf3 cxd4 23. Bxd4 Be5 24. Be3 Nf6 25. Bc2 b5 26. Bd3 bxc4 27. Bxc4 a5 28. Rc1 Qb8 29. Qe2 Nd5 30. Bd2 Nb4 31. a3 Nc6 32. Qe3 Bf6 33. Bc3 Bxc3 34. Qxc3 Nd4 35. Qe3 Qb7 36. f3 Nf5 37. Qf2 Nd4 38. Qe3 Nf5 39. Qf2 Nd4 40. Qe3 Nf5 1/2-1/2

[Event "Polish Youth G18 Championship 2023"]
[Site "Jastrzebia Gora"]
[Date "2023.03.19"]
[Round "9.9"]
[White "Obrochta, Lena"]
[Black "Jedrzejko, Martyna"]
[Result "1-0"]
[ECO "C28"]
[WhiteElo "1673"]
[BlackElo "1629"]
[Annotator "NA RC COMBH"]
[PlyCount "73"]
[EventDate "2023.03.11"]
[EventType "swiss"]
[EventCountry "POL"]
[SourceTitle "playchess.com"]
[Source "ChessBase"]
[SourceQuality "1"]
[TimeControl "40/5400+30:1800+30"]

1. e4 e5 2. Nc3 Nf6 3. Bc4 Nc6 4. d3 Na5 5. Nge2 Bc5 6. O-O h6 7. Ng3 d6 8. Na4 a6 9. Nxc5 dxc5 10. Qe2 O-O 11. a3 Nxc4 12. dxc4 Qe7 13. Bd2 Bd7 14. Rae1 Rfe8 15. f4 exf4 16. Rxf4 Qe5 17. Ref1 Qxb2 18. Rxf6 gxf6 19. Bxh6 Qd4+ 20. Kh1 Qe5 21. Bf4 Qe6 22. h3 f5 23. e5 Qg6 24. Qf2 b6 25. Ne2 Bc6 26. Bg3 Be4 27. Nf4 Qh6 28. Nd5 Qxh3+ 29. Kg1 Qh6 30. Nf6+ Kh8 31. Nxe4 fxe4 32. Re1 Qg6 33. Bh4 Re6 34. Re3 Qh5 35. Rh3 Qd1+ 36. Kh2 Rg6 37. Bf6+ 1-0

[Event "Polish Youth G18 Championship 2023"]
[Site "Jastrzebia Gora"]
[Date "2023.03.19"]
[Round "9.10"]
[White "Bialek, Alicja"]
[Black "Pietrzak, Emilia"]
[Result "0-1"]
[ECO "B32"]
[WhiteElo "1576"]
[BlackElo "1424"]
[Annotator "NA RC COMBH"]
[PlyCount "44"]
[EventDate "2023.03.11"]
[EventType "swiss"]
[EventCountry "POL"]
[SourceTitle "playchess.com"]
[Source "ChessBase"]
[SourceQuality "1"]
[TimeControl "40/5400+30:1800+30"]

1. e4 c5 2. Nf3 Nc6 3. d4 cxd4 4. Nxd4 Qb6 5. Nxc6 bxc6 6. Bd3 Nf6 7. O-O e5 8. Nd2 d5 9. Qe2 Bd6 10. Kh1 O-O 11. exd5 cxd5 12. c4 e4 13. Bc2 Bg4 14. f3 exf3 15. Nxf3 Rfe8 16. Qd3 dxc4 17. Qxc4 Rac8 18. Bxh7+ Kh8 19. Qxf7 Bxf3 20. gxf3 Re2 21. f4 Qc6+ 22. Kg1 Qg2# 0-1

[Event "Polish Youth G18 Championship 2023"]
[Site "Jastrzebia Gora"]
[Date "2023.03.19"]
[Round "9.11"]
[White "Bartoszek, Julia"]
[Black "Szczotka, Matylda"]
[Result "0-1"]
[ECO "C97"]
[WhiteElo "1344"]
[BlackElo "1451"]
[Annotator "NA RC COMBH"]
[PlyCount "86"]
[EventDate "2023.03.11"]
[EventType "swiss"]
[EventCountry "POL"]
[SourceTitle "playchess.com"]
[Source "ChessBase"]
[SourceQuality "1"]
[TimeControl "40/5400+30:1800+30"]

1. e4 e5 2. Nf3 Nc6 3. Bb5 a6 4. Ba4 Nf6 5. O-O b5 6. Bb3 Be7 7. Re1 d6 8. c3 O-O 9. h3 Na5 10. Bc2 c5 11. d4 Qc7 12. dxe5 dxe5 13. Qe2 Re8 14. Bg5 Nh5 15. Be3 Nc4 16. Bc1 g6 17. b3 Nb6 18. Be3 Bb7 19. Nbd2 Bf8 20. Rad1 Nd7 21. c4 b4 22. Nf1 Ndf6 23. Bg5 h6 24. Bc1 Bg7 25. N3h2 Nf4 26. Bxf4 exf4 27. Nd2 Rad8 28. f3 Nh5 29. Ndf1 Bd4+ 30. Kh1 Bc8 31. Rd3 Qe7 32. Ng4 Kg7 33. e5 Qh4 34. Nf6 Rxe5 35. Nxh5+ gxh5 36. Qxe5+ Bxe5 37. Rxe5 Rg8 38. Rdd5 Qf2 39. Bd3 Kh8 40. Re2 Qxf1+ 41. Kh2 Bxh3 42. Rd2 Rxg2+ 43. Kxh3 Qh1# 0-1

[Event "Polish Youth G18 Championship 2023"]
[Site "Jastrzebia Gora"]
[Date "2023.03.19"]
[Round "9.12"]
[White "Gaczol, Julia"]
[Black "Lochina, Justyna"]
[Result "1/2-1/2"]
[ECO "B45"]
[WhiteElo "1419"]
[BlackElo "1645"]
[Annotator "NA RC COMBH"]
[PlyCount "70"]
[EventDate "2023.03.11"]
[EventType "swiss"]
[EventCountry "POL"]
[SourceTitle "playchess.com"]
[Source "ChessBase"]
[SourceQuality "1"]
[TimeControl "40/5400+30:1800+30"]

1. e4 c5 2. Nf3 e6 3. d4 cxd4 4. Nxd4 Nc6 5. Nc3 d6 6. g3 Nf6 7. Bg2 Qc7 8. O-O Be7 9. Ndb5 Qb8 10. a4 O-O 11. Be3 Rd8 12. Qe2 Bd7 13. a5 Nb4 14. Rfd1 Bc6 15. Bf4 e5 16. Bg5 Na6 17. Bxf6 Bxf6 18. Nd5 Bxd5 19. Rxd5 Be7 20. c3 Nc7 21. Nxc7 Qxc7 22. f4 Rac8 23. Qb5 a6 24. Qb4 Rb8 25. Bf1 f6 26. Ra3 b6 27. axb6 Rxb6 28. Qc4 Qxc4 29. Bxc4 Kf8 30. b4 Rc8 31. Bd3 Rbc6 32. c4 Rxc4 33. Bxc4 Rxc4 34. Rb3 Rxe4 35. f5 Rc4 1/2-1/2